 Dungeon Crawl Stone Soup version 0.31.0-9-g3a7656b989 (webtiles) character file.

Game seed: 1478967436445574487

742 qw the Shooter (level 7, 0/35 HPs)
             Began as a Spriggan Hunter on Feb 2, 2024.
             Was an Initiate of Okawaru.
             Engulfed by a steam dragon's steam (11 damage)
             ... on level 5 of the Dungeon.
             The game lasted 00:00:14 (3847 turns).

qw the Shooter (Spriggan Hunter)                    Turns: 3847, Time: 00:00:15

Health: 0/35       AC:  2    Str: 13    XL:     7   Next: 47%
Magic:  8/8        EV: 22    Int: 11    God:    Okawaru [......]
Gold:   204        SH:  5    Dex: 20    Spells: 6/6 levels left

rFire   . . .        q - +0 orcbow
rCold   . . .        (shield currently unavailable)
rNeg    . . .        c - +0 robe
rPois   .            (helmet restricted)
rElec   .            (no cloak)
rCorr   .            (gloves unavailable)
SInv    +            (boots unavailable)
Will    +....        s - amulet of reflection
Stlth   ++           d - +6 ring of strength
HPRegen 0.25/turn    (no ring)
MPRegen 0.11/turn

%: reflection
@: hasted, very quick
A: very small, no large weapons, unfitting armour, see invisible, speed 3
a: Renounce Religion


You were on level 5 of the Dungeon.
You worshipped Okawaru.
Okawaru was noncommittal.
You visited 1 branch of the dungeon, and saw 5 of its levels.
You also visited: Sewer.

You collected 204 gold pieces.


Innate Abilities, Weirdness & Mutations

You are very small and have problems with some larger weapons.
You are too small for most types of armour.
You have supernaturally acute eyesight. (SInv)
You cover ground extremely quickly. (Speed+++)


   Skills:
 - Level 2.0 Fighting
 + Level 7.5 Ranged Weapons
 - Level 7.2 Dodging
 - Level 1.5 Stealth


You had 6 spell levels left.
You didn't know any spells.
Your spell library was empty.

Inventory:

Hand Weapons
 q - a +0 orcbow (weapon)
Armour
 c - a +0 robe (worn)
 h - a +0 cloak
Jewellery
 d - a +6 ring of strength (left hand)
 s - an amulet of reflection (around neck)
Wands
 b - a wand of iceblast (14)
 k - a wand of light (4)
Scrolls
 e - a scroll of identify
 i - a scroll of enchant armour
 p - a scroll of teleportation
Potions
 a - a potion of mutation
 f - 2 potions of might
 g - a potion of degeneration {unknown}
 l - a potion of curing
 m - a potion of attraction {unknown}
 r - a potion of lignification {unknown}

Dungeon Overview and Level Annotations

Branches:
Dungeon (5/15)             Temple (0/1) D:4           Sewer (visited)

Altars:
Okawaru

Shops:
D:3 *

Annotations:
D:3 2 runed translucent doors, qw's ghost, amateur DEHu


Message History

The shadow imp is almost dead.
The shadow imp puffs mist at you. You block the shadow imp's attack.
The shadow imp completely misses you.
You shoot an arrow.
The arrow closely misses the shadow imp.
The shadow imp gestures at you. Pain shoots through your body!
You shoot an arrow. The arrow hits the shadow imp!
You kill the shadow imp!
Okawaru accepts your kill.
You start resting.
HP restored.
You now have 204 gold pieces (gained 11).
A steam dragon is nearby!
3839 ||| DRINKING potion of haste.
You feel yourself speed up.
The steam dragon hisses angrily.
You shoot an arrow. The arrow hits the steam dragon.
The steam dragon is moderately wounded.
You shoot an arrow. The arrow hits the steam dragon.
The steam dragon is moderately wounded.
You shoot an arrow.
The arrow barely misses the steam dragon.
You shoot an arrow. The arrow hits the steam dragon!
The steam dragon is severely wounded.
The steam dragon breathes steam at you. The ball of steam hits you!!
Ouch! That really hurt!
3844 ||| Stepping ~*~*~tactically~*~*~ (cloud).
You start resting.
You're standing in a cloud of steam!
You shoot an arrow.
The arrow closely misses the steam dragon.
You are engulfed in a cloud of scalding steam.
The steam dragon breathes steam at you. The ball of steam misses you.
You shoot an arrow.
The arrow hits the steam dragon but does no damage.
The steam dragon is severely wounded.
You are engulfed in a cloud of scalding steam.
You die...

#.##### #[#... #.#.## ####
#....# # ...# ###..# ..
##|########## #)>###.###.
##.#........# #..........
.....######.########)...<.....
##.### #......@¤.)#####.##..
##.# #.######¤#.## # ...# #.#
#...D...# #.## #.###.##.#..#
#.# #.##........#
#.########.##..#..#..#
....##.....##..#.##..#
#.#.##.....##........#..
#.#.##.....##.##.##.....


You could see a steam dragon (catching breath).

Vanquished Creatures
  A centaur (D:4)
  2 phantoms (D:4)
  2 brain worms (Sewer)
  A bombardier beetle (D:3)
  A jelly (D:5)
  A hound (D:4)
  Jessica (D:2)
  Terence (D:3)
  An orc wizard (D:3)
  An iguana (D:4)
  4 gnolls
  4 river rats (Sewer)
  3 adders
  A shadow imp (D:5)
  A ribbon worm (D:3)
  7 orcs
  7 endoplasms
  4 giant cockroaches
  4 goblins
  2 hobgoblins
  3 jackals (D:1)
  7 quokkas
  11 ball pythons
  4 bats
  7 frilled lizards
  4 kobolds
  7 rats
92 creatures vanquished.

Notes
Turn   | Place    | Note
-------+----------+-------------------------------------------
     0 | D:1      | qw the Spriggan Hunter began the quest for the Orb.
     0 | D:1      | Reached XP level 1. HP: 10/10 MP: 2/2
     0 | D:1      | 0 ||| qw: Version: 0.3-a-155-g5e7d8dd
     0 | D:1      | 0 ||| qw: Game counter: 2252
     0 | D:1      | 0 ||| qw: Melee chars always use a shield: true
     0 | D:1      | 0 ||| qw: God list: Okawaru
     0 | D:1      | 0 ||| qw: Allow faded altars: false
     0 | D:1      | 0 ||| qw: Do Orc after clearing Dungeon:15 true
     0 | D:1      | 0 ||| qw: Do second Lair branch before Depths: true
     0 | D:1      | 0 ||| qw: Lair rune preference: random
     0 | D:1      | 0 ||| qw: Goals: Normal
     0 | D:1      | 0 ||| PLANNING D:1-11
    91 | D:1      | Reached skill level 3 in Dodging
   213 | D:1      | Reached XP level 2. HP: 14/14 MP: 3/3
   761 | D:1      | 761 ||| UPGRADING to +6 ring of strength.
   762 | D:1      | 762 ||| READING scroll labelled OSTOUW EDGHATH.
   762 | D:1      | 762 ||| IDENTIFYING scroll labelled XOEWNIV QETI
   763 | D:1      | 763 ||| READING scroll labelled XESTRA MIUGAREV.
   763 | D:1      | 763 ||| ENCHANTING +0 shortbow.
   764 | D:1      | 764 ||| READING scroll labelled BUOHUF RE VIWOOS.
   765 | D:1      | 765 ||| DROPPING scroll of butterflies.
   766 | D:1      | 766 ||| DROPPING scroll of poison.
   859 | D:2      | Noticed Jessica
   863 | D:2      | HP: 1/14 [Jessica/nerve-wracking pain (13)]
   865 | D:2      | Killed Jessica
   866 | D:2      | Reached XP level 3. HP: 2/18 MP: 4/4
  1502 | D:2      | 1502 ||| READING scroll labelled JOERIA MEMI.
  1502 | D:2      | 1502 ||| ENCHANTING +0 shortbow.
  1503 | D:2      | 1503 ||| READING scroll labelled ASOCKUPSOE.
  1504 | D:2      | 1504 ||| READING scroll labelled TOHURI UWAL.
  1505 | D:2      | 1505 ||| DRINKING 2 puce potions.
  1543 | D:3      | 1543 ||| PLANNING SEWER
  1571 | D:3      | Found a glowing drain.
  1582 | D:3      | Reached XP level 4. HP: 9/22 MP: 5/5
  1582 | D:3      | HP: 5/22 [burnt (4)]
  1583 | D:3      | HP: 2/22 [burnt (3)]
  1584 | D:3      | 1584 ||| FLEEEEING.
  1585 | D:3      | 1585 ||| FLEEEEING.
  1679 | Sewer    | Entered a sewer
  1745 | Sewer    | Reached XP level 5. HP: 26/26 MP: 6/6
  1754 | Sewer    | 1754 ||| READING scroll of enchant weapon.
  1754 | Sewer    | 1754 ||| ENCHANTING +1 shortbow.
  1805 | Sewer    | 1805 ||| READING scroll of enchant weapon.
  1805 | Sewer    | 1805 ||| ENCHANTING +2 shortbow.
  1847 | Sewer    | Reached skill level 6 in Ranged Weapons
  1851 | Sewer    | Reached XP level 6. HP: 23/30 MP: 5/7
  2013 | Sewer    | 2013 ||| READING 2 scrolls labelled HEOHANOTYOS.
  2014 | Sewer    | 2014 ||| DRINKING 2 red potions.
  2015 | Sewer    | 2015 ||| DROPPING scroll of fear.
  2052 | D:3      | 2052 ||| PLANNING D:1-11
  2076 | D:3      | 2076 ||| DRINKING potion of curing.
  2076 | D:3      | 2076 ||| (to cure confusion)
  2082 | D:3      | Reached skill level 6 in Dodging
  2082 | D:3      | 2082 ||| FLEEEEING.
  2083 | D:3      | 2083 ||| FLEEEEING.
  2084 | D:3      | 2084 ||| FLEEEEING.
  2085 | D:3      | 2085 ||| FLEEEEING.
  2086 | D:3      | 2086 ||| FLEEEEING.
  2087 | D:3      | 2087 ||| FLEEEEING.
  2088 | D:3      | 2088 ||| FLEEEEING.
  2089 | D:3      | 2089 ||| FLEEEEING.
  2092 | D:3      | 2092 ||| FLEEEEING.
  2093 | D:3      | 2093 ||| FLEEEEING.
  2094 | D:3      | 2094 ||| FLEEEEING.
  2095 | D:3      | 2095 ||| FLEEEEING.
  2096 | D:3      | 2096 ||| FLEEEEING.
  2097 | D:3      | 2097 ||| FLEEEEING.
  2100 | D:3      | 2100 ||| FLEEEEING.
  2101 | D:3      | 2101 ||| FLEEEEING.
  2102 | D:3      | 2102 ||| FLEEEEING.
  2103 | D:3      | 2103 ||| FLEEEEING.
  2104 | D:3      | 2104 ||| FLEEEEING.
  2105 | D:3      | 2105 ||| FLEEEEING.
  2106 | D:3      | 2106 ||| FLEEEEING.
  2107 | D:3      | 2107 ||| FLEEEEING.
  2110 | D:3      | 2110 ||| FLEEEEING.
  2113 | D:3      | 2113 ||| FLEEEEING.
  2114 | D:3      | 2114 ||| FLEEEEING.
  2115 | D:3      | 2115 ||| FLEEEEING.
  2116 | D:3      | 2116 ||| FLEEEEING.
  2117 | D:3      | 2117 ||| FLEEEEING.
  2118 | D:3      | 2118 ||| FLEEEEING.
  2119 | D:3      | 2119 ||| FLEEEEING.
  2120 | D:3      | 2120 ||| FLEEEEING.
  2121 | D:3      | 2121 ||| FLEEEEING.
  2122 | D:3      | 2122 ||| FLEEEEING.
  2123 | D:3      | 2123 ||| STAIRDANCE
  2156 | D:2      | 2156 ||| UPGRADING to amulet of regeneration.
  2236 | D:3      | Found a large runed translucent door.
  2236 | D:3      | Found a large runed translucent door.
  2238 | D:3      | Noticed qw's ghost (amateur DEHu)
  2318 | D:3      | Identified the +1 chain mail "Bonuzuse" {Slay+3}
  2346 | D:3      | Noticed Terence
  2361 | D:3      | Killed Terence
  2444 | D:3      | Found Lelyqet's General Store.
  2453 | D:3      | 2453 ||| SHOPLISTING wand of digging (4) (184 gold, have
                  | 161).
  2643 | D:3      | 2643 ||| READING scroll labelled ZIOQEO CIJOE.
  2744 | D:3      | 2744 ||| DRINKING 2 glowing green potions.
  2745 | D:3      | 2745 ||| DROPPING potion of magic.
  2794 | D:4      | Found an iron altar of Okawaru.
  2795 | D:4      | 2795 ||| PLANNING OKAWARU WORSHIP
  2802 | D:4      | Became a worshipper of Warmaster Okawaru
  2803 | D:4      | 2803 ||| PLANNING D:1-11
  2893 | D:4      | Found a staircase to the Ecumenical Temple.
  3048 | D:4      | 3048 ||| FLEEEEING.
  3049 | D:4      | 3049 ||| FLEEEEING.
  3051 | D:4      | 3051 ||| FLEEEEING.
  3052 | D:4      | 3052 ||| FLEEEEING.
  3057 | D:4      | Reached XP level 7. HP: 35/35 MP: 8/8
  3065 | D:4      | 3065 ||| SWAPPING to +0 orcbow.
  3066 | D:4      | 3066 ||| DROPPING +3 shortbow.
  3477 | D:4      | 3477 ||| UPGRADING to amulet of reflection.
  3487 | D:4      | 3487 ||| DROPPING amulet of regeneration.
  3488 | D:4      | 3488 ||| READING 2 scrolls of identify.
  3488 | D:4      | 3488 ||| IDENTIFYING fuming yellow potion
  3489 | D:4      | 3489 ||| READING scroll of identify.
  3489 | D:4      | 3489 ||| IDENTIFYING lumpy amethyst potion
  3490 | D:4      | 3490 ||| READING scroll labelled TYULOF MIUL.
  3491 | D:4      | 3491 ||| READING 2 scrolls labelled EDGHOS CUKUG.
  3495 | D:4      | 3495 ||| DRINKING 2 bubbling silvery potions.
  3496 | D:4      | 3496 ||| DRINKING 2 dark potions.
  3497 | D:4      | 3497 ||| DROPPING potion of berserk rage.
  3498 | D:4      | 3498 ||| DROPPING potion of brilliance.
  3514 | D:5      | Entered Level 5 of the Dungeon
  3541 | D:5      | Noticed a steam dragon
  3546 | D:5      | 3546 ||| Stepping ~*~*~tactically~*~*~ (cloud).
  3839 | D:5      | 3839 ||| DRINKING potion of haste.
  3844 | D:5      | 3844 ||| Stepping ~*~*~tactically~*~*~ (cloud).
  3847 | D:5      | Engulfed by a steam dragon's steam

Levels and vault maps discovered:
D:1:      matt_arrival_diagonals, layout_basic, nrook_mini_backslash,
          minmay_misc_feat_tiny, nicolae_twisty_statue_hallways
D:2:      layout_basic, nicolae_figureground_pulse, uniq_jessica
D:3:      layout_rooms, serial_shops, shop_fountains,
          cheibrodos_sewer_entry_sluice, ebering_ghost_disaster_area,
          eino_tiny_chamber, uniq_terence
D:4:      layout_basic, okawaru_altar_gauntlet_db, minmay_temple_entry_junction,
          serial_glass, glass_columns_b, glass_columns_c, glass_columns_a,
          glass_columns_a, glass_columns_a, glass_columns_b, minivault_19,
          corner_web_ring, chequers_serial_rivers_micro_d
D:5:      layout_loops_cross, nemelex_diamond_rough_becter, uniq_menkaure

Skill      XL: |  1  2  3  4  5  6  7 |
---------------+----------------------+-----
Dodging        | 3 4 5 6 7 |  7.2
Ranged Weapons | 5 6 7 |  7.5
Fighting       | 2 |  2.0
Stealth        | |  1.5

Action                     |  1- 3 |  4- 6 |  7- 9 || total
---------------------------+-------+-------+-------++-------
   Fire: Shortbow          |   103 |   139 |       ||   242
         Orcbow            |       |       |    70 ||    70
    Use: Scroll            |     6 |     4 |     4 ||    14
         Potion            |     1 |     3 |     3 ||     7
 Armour: Robe              |    10 |    13 |    12 ||    35
  Dodge: Dodged            |    30 |    48 |    27 ||   105
  Block: Other             |       |       |     2 ||     2

Table legend:
 A = Non-vault XP
 B = Vault XP
 C = Vault XP percentage of total XP
 D = Non-vault monster count
 E = Vault monster count
 F = Vault count percentage of total count
                 A         B        C        D         E       F
            +---------+---------+-------+---------+---------+-------
      Total |     683 |     377 |  35.6 |      62 |      30 |  32.6
            +---------+---------+-------+---------+---------+-------
        D:1 |      33 |       0 |   0.0 |      21 |       0 |   0.0
        D:2 |      18 |      37 |  67.3 |      11 |       1 |   8.3
        D:3 |     132 |      39 |  22.8 |      19 |       4 |  17.4
        D:4 |     402 |      28 |   6.5 |       6 |       6 |  50.0
        D:5 |      98 |       0 |   0.0 |       5 |       0 |   0.0
      Sewer |       0 |     273 | 100.0 |       0 |      19 | 100.0
            +---------+---------+-------+---------+---------+-------
